 Dungeon Crawl Stone Soup version 0.32-a0-918-g0f22ef8d61 (webtiles) character file.

Game seed: 3682625452230044194

150 AlmostDecent the Chopper (level 5, 59/63 HPs)
             Began as a Demonspawn Berserker on Apr 11, 2024.
             Was a Believer of Trog.
             Quit the game on level 3 of the Dungeon.
             The game lasted 00:06:15 (1775 turns).

AlmostDecent the Chopper (Demonspawn Berserker)     Turns: 1775, Time: 00:06:15

Health: 59/63      AC:  3    Str: 19    XL:     5   Next: 10%
Magic:  5/5        EV: 11    Int:  7    God:    Trog [**....]
Gold:   137        SH:  0    Dex: 13    Spells: 4/4 levels left

rFire   . . .        a - +0 hand axe
rCold   . . .        (no shield)
rNeg    . . .        b - +0 animal skin
rPois   .            (helmet restricted)
rElec   .            e - +0 cloak
rCorr   .            (no gloves)
SInv    .            (no boots)
Will    .....        (no amulet) Stlth
                     (no ring)
HPRegen 0.30/turn    (no ring)
MPRegen 0.18/turn

%: no passive effects
@: berserking, slowed
A: horns 1, magic regeneration, demonic touch 1
a: Renounce Religion, Berserk, Trog's Hand


You were on level 3 of the Dungeon.
You worshipped Trog.
Trog was pleased with you.
You visited 1 branch of the dungeon, and saw 3 of its levels.

You collected 137 gold pieces.

Inventory:

Hand Weapons
 a - a +0 hand axe (weapon)
 s - the +6 mace of Calculation {venom, ^Contam rC++ Dex+2}
   (You took it off a kobold on level 3 of the Dungeon)

   Dex+2:     It affects your dexterity (+2).
   rC++:      It greatly protects you from cold.
   ^Contam:   It causes magical contamination when unequipped.
Armour
 b - a +0 animal skin (worn)
 e - a +0 cloak (worn)
 h - a +0 helmet
 k - a +0 chain mail
Jewellery
 l - a ring of ice
Wands
 r - a wand of flame (21)
Scrolls
 g - a scroll of immolation {unknown}
 i - 2 scrolls of identify
 j - a scroll of teleportation
 o - a scroll of summoning {unknown}
 p - a scroll of poison {unknown}
Potions
 c - a potion of lignification {unknown}
 d - a potion of berserk rage {unknown}
 f - 2 potions of heal wounds
 m - 3 potions of curing
 n - a potion of might {unknown}
 q - a potion of haste {unknown}


   Skills:
 + Level 3.8 Fighting
 * Level 4.5 Axes
 - Level 2.0 Armour
 - Level 2.0 Dodging


You had 4 spell levels left.
You didn't know any spells.
Your spell library was empty.

Dungeon Overview and Level Annotations

Branches:
Dungeon (3/15)

Altars:

Shops:
D:1 !


Innate Abilities, Weirdness & Mutations

You have a pair of small horns on your head.
You regenerate magic rapidly.
Your touch may inflict minor irresistible damage on your foes.


Message History

An endoplasm comes into view.
An endoplasm is nearby!
Found a stone staircase leading down.
The endoplasm quivers.
You hit the endoplasm but do no damage.
You touch the endoplasm.
You kill the endoplasm!
Trog accepts your kill.
No target in view!
No target in view!
No target in view!
m - 3 potions of curing (gained 1)
You now have 137 gold pieces (gained 12).
Natasha, Servant of Life and Death comes into view.
Natasha hisses angrily.
Natasha stares at you and mumbles some strange words.
You feel yourself slow down.
Natasha stares at you and mumbles some strange words.
You resist with some effort.
Natasha mewls in sadness.
A red film seems to cover your vision as you go berserk!
You feel yourself moving faster!
You feel mighty!
Natasha stares at you and mumbles some strange words.
The magic dart hits you.
You slash Natasha!
You touch Natasha.
Natasha is almost dead.
Natasha barely misses you.
You barely miss Natasha. Your touch misses Natasha.
Natasha is almost dead.
Natasha mumbles some strange words.
You slash Natasha!
You kill Natasha!
Trog accepts your kill.
Trog appreciates your killing of a magic user.
You feel Natasha's spirit has finally been put to rest.
The cerulean imp disappears in a puff of smoke!
You have reached level 5!
Your demonic ancestry asserts itself...
Your magic begins to regenerate rapidly.
Calm down first, please.
Are you sure you want to abandon this character and quit the game? (Confirm with "yes".)

.#..####.# #...# #........
##..####.#### #...# #.###....
....#.......# #...# #.#####..
#####.##.##.# #†..#####.##.....
## #.##.##.# #>..##.......##.# .#
#.#..##.#####...##.##.##.##.#
.####.#.##.................#.#..#
......#.#....§.............#.#.##
.###............@..........#.#.
.# #)...#.#######...##.#####...
## #..###.# #...##.......#.
#......# #...########## ##.#####
#...# #.# #...# #####.# #...#
...##.# #.... .#.##.# ...###


There were no monsters in sight!

Vanquished Creatures
  Natasha (thrice) (D:3)
  An adder (D:2)
  3 dart slugs
  A ribbon worm (D:2)
  6 bats
  2 endoplasms
  A giant cockroach (D:1)
  4 hobgoblins
  4 jackals (D:2)
  2 quokkas
  6 ball pythons
  3 frilled lizards
  8 goblins
  8 kobolds
  6 rats
58 creatures vanquished.

Notes
Turn   | Place    | Note
-------+----------+-------------------------------------------
     0 | D:1      | AlmostDecent the Demonspawn Berserker began the quest for
                  | the Orb.
     0 | D:1      | Reached XP level 1. HP: 18/18 MP: 1/1
    47 | D:1      | Found Culeyx Jumn's Distillery.
   167 | D:1      | Reached skill level 3 in Axes
   167 | D:1      | Discovered your monstrous ancestry.
   167 | D:1      | Gained mutation: Your touch may inflict minor irresistible
                  | damage on your foes. [demonic ancestry]
   167 | D:1      | Reached XP level 2. HP: 23/24 MP: 2/2
   828 | D:2      | Reached XP level 3. HP: 27/29 MP: 3/3
   858 | D:2      | Reached ** piety under Trog
  1439 | D:3      | Noticed Natasha
  1446 | D:3      | Killed Natasha
  1447 | D:3      | Reached skill level 4 in Axes
  1447 | D:3      | Gained mutation: You have a pair of small horns on your
                  | head. [demonic ancestry]
  1447 | D:3      | Reached XP level 4. HP: 19/37 MP: 4/4
  1686 | D:3      | Noticed Natasha
  1691 | D:3      | Killed Natasha
  1719 | D:3      | Identified the +6 mace of Calculation {venom, ^Contam rC++
                  | Dex+2}
  1768 | D:3      | Noticed Natasha
  1774 | D:3      | Killed Natasha
  1775 | D:3      | Gained mutation: You regenerate magic rapidly. [demonic
                  | ancestry]
  1775 | D:3      | Reached XP level 5. HP: 42/42 MP: 5/5
  1775 | D:3      | Quit the game

Illustrated notes

Levels and vault maps discovered:
D:1:      spicycebolla_green_bress_n_ham, layout_rooms, serial_shops,
          nicolae_shop_tiny_glass
D:2:      layout_basic, kennysheep_generic_room_13
D:3:      layout_loops_cross, uniq_natasha, uniq_robin

Skill      XL: |  1  2  3 |
---------------+----------+-----
Axes           | 3 4 |  4.5
Armour         | 2 |  2.0
Dodging        | 2 |  2.0
Fighting       | |  3.8

Action                     |  1- 3 |  4- 6 || total
---------------------------+-------+-------++-------
  Melee: Hand axe          |   125 |    20 ||   145
         Touch             |    11 |     3 ||    14
         Headbutt          |       |     2 ||     2
 Invoke: Berserk           |     2 |     1 ||     3
    Use: Scroll            |     5 |       ||     5
   Stab: Distracted        |       |     1 ||     1
 Armour: Animal skin       |    98 |    11 ||   109
  Dodge: Dodged            |    69 |     2 ||    71

Table legend: (Time is in decaauts)
 A = Elapsed time spent in this place.
 B = Non-inter-level travel time spent in this place.
 C = Inter-level travel time spent in this place.
 D = Time resting spent in this place.
 E = Time spent auto-exploring this place.
 F = Levels seen in this place.
 G = Mean time per level.
                   A        B        C        D        E       F      G
               +--------+--------+--------+--------+--------+-----+--------+
         Total |   1819 |   1792 |     27 |     11 |   1333 |   3 |  606.3 |
       Dungeon |   1819 |   1792 |     27 |     11 |   1333 |   3 |  606.3 |
               +--------+--------+--------+--------+--------+-----+--------+

Top non-repeatable levels by time:
     D:2: 780 daAuts
     D:1: 665 daAuts
     D:3: 373 daAuts
